 Dungeon Crawl Stone Soup version 0.30.1-11-g7821555f0a (webtiles) character file.

Game seed: 6556603783300800510

22490 Tauromancer the Severer (level 12, -2/118 HPs)
             Began as a Minotaur Fighter on Dec 20, 2023.
             Was a High Priest of Okawaru.
             Succumbed to a swamp drake's noxious blast
             ... on level 2 of the Lair of Beasts on Dec 21, 2023.
             The game lasted 01:10:39 (11525 turns).

Tauromancer the Severer (Minotaur Fighter)         Turns: 11525, Time: 01:10:40

Health: -2/118     AC: 28    Str: 28    XL:     12   Next: 63%
Magic:  14/14      EV:  6    Int:  7    God:    Okawaru [*****.]
Gold:   678        SH: 10    Dex: 11    Spells: 11/11 levels left

rFire   + + +        b - +5 broad axe (drain)
rCold   . . .        h - +0 kite shield
rNeg    . . .        p - +8 plate armour of the Blushing Gods {rElec Will+ Int+2}
rPois   .            G - +1 hat of Weirdness {Rampage rF+++ Str-3}
rElec   +            H - +0 cloak
rCorr   .            j - +0 pair of gloves
SInv    .            i - +2 pair of boots
Will    +....        f - amulet of faith Stlth
                     y - +4 ring of slaying
HPRegen 0.39/turn    o - +6 ring of strength
MPRegen 0.14/turn

%: rampage, faith
@: lethally poisoned (-2 -> -21)
A: horns 2, retaliatory headbutt
a: Renounce Religion, Heroism, Finesse, Duel


You were on level 2 of the Lair of Beasts.
You worshipped Okawaru.
Okawaru was extremely pleased with you.
You visited 3 branches of the dungeon, and saw 13 of its levels.
You also visited: Volcano.

You collected 678 gold pieces.

Inventory:

Hand Weapons
 a - a +2 war axe of flaming
 b - a +5 broad axe of draining (weapon)
Missiles
 c - a boomerang of dispersal (quivered)
Armour
 h - a +0 kite shield (worn)
 i - a +2 pair of boots (worn)
 j - a +0 pair of gloves (worn)
 p - the +8 plate armour of the Blushing Gods (worn) {rElec Will+ Int+2}
   (Okawaru gifted it to you on level 2 of the Lair of Beasts)

   Int:       It affects your intelligence (+2).
   rElec:     It insulates you from electricity.
   Will:      It increases your willpower.
 G - the +1 hat of Weirdness (worn) {Rampage rF+++ Str-3}
   (Okawaru gifted it to you on level 1 of the Lair of Beasts)

   Str:       It affects your strength (-3).
   rF:        It renders you almost immune to fire.
   Rampage:   It bestows one free step when moving towards enemies.
 H - a +0 cloak (worn)
Jewellery
 f - an amulet of faith (around neck)
 o - a +6 ring of strength (right hand)
 x - a ring of resist corrosion
 y - a +4 ring of slaying (left hand)
 F - a ring of ice
Wands
 l - a wand of flame (38)
 q - a wand of acid (8)
 r - a wand of iceblast (11)
 t - a wand of digging (4)
Scrolls
 d - 4 scrolls of teleportation
 s - 2 scrolls of magic mapping
 C - a scroll of fog
Potions
 e - a potion of mutation {unknown}
 g - 6 potions of curing
 k - 5 potions of magic
 m - a potion of flight
 n - 2 potions of heal wounds
 u - 4 potions of lignification
 v - a potion of invisibility
 z - 2 potions of haste
 B - 2 potions of resistance


   Skills:
 + Level 14.9 Fighting
 - Level 18.0 Axes
 - Level 7.1 Armour
 - Level 7.6 Shields
 - Level 4.0 Invocations


You had 11 spell levels left.
You didn't know any spells.
Your spell library contained the following spells:

 Spells                   Type           Power      Damage    Failure   Level
 Freeze                   Ice            0%         1d3       100%        1
 Ensorcelled Hibernation  Hex/Ice        0%         N/A       100%        2
 Frozen Ramparts          Ice            0%         1d1       100%        3
 Hailstorm                Conj/Ice       0%         3d3       100%        3
 Spider Form              Tmut/Pois      0%         N/A       100%        3
 Volatile Blastmotes      Fire/Tloc      0%         2d10      100%        3
 Anguish                  Hex/Necr       0%         N/A       100%        4
 Fulminant Prism          Conj/Hex       0%         3d5       100%        4
 Iskenderun's Mystic Bla  Conj/Tloc      0%         2d3       100%        4
 Lee's Rapid Deconstruct  Erth           0%         3d4*      100%        5


Dungeon Overview and Level Annotations

Branches:
Dungeon (10/15)            Temple (0/1) D:6            Lair (2/5) D:8
  Swamp (1/4) Lair:2        Snake (0/4) Lair:2          Orc (0/2) D:9
Volcano (visited)

Altars:
Ashenzari
Cheibriados
Dithmenos
Elyvilon
Kikubaaqudgha
Makhleb
Okawaru
Sif Muna
Trog
Uskayaw
Vehumet

Annotations:
D:10 Nergalle


Innate Abilities, Weirdness & Mutations

You have a pair of horns on your head.
You reflexively headbutt those who attack you in melee.


Message History

Your +2 war axe of flaming stops flaming.
You sense an unholy aura.
b - a +5 broad axe of draining (weapon)
You are engulfed in poison gas.
You are more poisoned.
You feel very sick.
The swamp dragon breathes poison at you.
The blast of poison engulfs you!
You are more poisoned.
A seven-headed hydra comes into view.
You are engulfed in poison gas.
You are more poisoned.
You feel extremely sick.
You see here Maxwell's Memoranda.
You feel extremely sick.
The swamp worm fires a harpoon shot at you.
You block the harpoon shot.
A swamp drake comes into view.
* * * LOW HITPOINT WARNING * * *
You feel extremely sick.
The swamp drake roars!
You feel very sick.
There is a staircase back to the Lair, spattered with blood here.
You feel very sick.
The seven-headed hydra bites you but does no damage.
You block the seven-headed hydra's attack.
The seven-headed hydra bites you!
* * * LOW HITPOINT WARNING * * *
The seven-headed hydra bites you.
* * * LOW HITPOINT WARNING * * *
The seven-headed hydra barely misses you.
The seven-headed hydra bites you but does no damage.
The seven-headed hydra bites you.
* * * LOW HITPOINT WARNING * * *
The swamp dragon bites you but does no damage.
The swamp dragon closely misses you. The swamp dragon completely misses you.
The swamp drake breathes poison at you.
The noxious blast engulfs you but does no damage.
You are more poisoned.
You climb upwards.
Welcome back to the Lair of Beasts!
You die...

.....#.......'........#
......####P##.........#
.....## #####.......##
......# #.......####
.###### ###.#....#.### .#
###...##..##.# ##
#....####...## .#### #♣♣♣♣#
#.♣..## ..#.####♣♣♣♣♣♣♣♣@♣
#♣♣♣.P#
.....##.♣..♣§§♣DD♣♣♣♣♣.♣.P#
#.#....♣♣..§§§.≈~♣♣.♣≈.(.##
###.##♣♣..§.§..~♣♣..~~...#
### ♣§§♣≈≈≈.♣♣...~≈~♣##
♣.§♣~~≈♣♣♣..≈~~~♣
♣♣..§~≈♣♣♣§♣~≈~~♣
♣..~§≈♣§§§♣≈~~~♣
♣♣§§~...§§♣≈≈≈≈♣


You could see a seven-headed hydra and a swamp dragon.

Vanquished Creatures
  A red draconian (Volcano)
  5 hydras
  An ogre mage (Volcano)
  2 alligators
  Erica (Lair:1)
  7 two-headed ogres
  A black mamba (Lair:1)
  Maggie (D:9)
  Psyche (D:9)
  6 cane toads
  A rime drake (Lair:1)
  3 tyrant leeches
  Sigmund (D:3)
  4 wyverns
  4 basilisks
  7 yaks
  A wraith (D:5)
  2 steam dragons
  4 swamp worms
  An acid dragon (D:9)
  8 water moccasins
  A naga (Lair:2)
  Duvessa (D:7)
  3 black bears
  An orc warrior (D:8)
  2 ice beasts
  3 sky beasts
  3 wolves (Lair:1)
  5 centaurs
  2 kobold brigands
  13 bullfrogs
  6 scorpions
  Dowan (D:7)
  12 killer bees
  A howler monkey (D:5)
  A lava snake (D:7)
  3 jellies
  5 orc priests
  11 hounds
  A sleepcap (D:6)
  4 iguanas
  5 orc wizards
  4 gnolls (D:2)
  18 adders
  4 river rats (D:3)
  A shadow imp (D:6)
  2 white imps
  2 ufetubi
  2 worms
  A dart slug (D:1)
  22 orcs
  10 ball pythons
  5 bats
  10 endoplasms
  6 giant cockroaches
  6 hobgoblins
  5 jackals (D:4)
  16 kobolds
  A quokka (D:4)
  8 frilled lizards
  9 goblins
  3 rats
281 creatures vanquished.

Notes
Turn   | Place    | Note
-------+----------+-------------------------------------------
     0 | D:1      | Tauromancer the Minotaur Fighter began the quest for the
                  | Orb.
     0 | D:1      | Reached XP level 1. HP: 19/19 MP: 0/0
     6 | D:1      | Noticed a polar bear
     6 | D:1      | Noticed a swamp drake
     6 | D:1      | Noticed a wolf
     7 | D:1      | Noticed a scorpion
     7 | D:1      | Noticed a salamander
   174 | D:1      | Reached skill level 3 in Axes
   174 | D:1      | Reached XP level 2. HP: 27/27 MP: 1/1
   572 | D:2      | Reached skill level 4 in Axes
   572 | D:2      | Reached XP level 3. HP: 33/33 MP: 2/2
   844 | D:2      | Reached skill level 5 in Axes
   857 | D:2      | Reached XP level 4. HP: 40/40 MP: 3/3
  1508 | D:3      | Reached skill level 6 in Axes
  1513 | D:3      | Reached XP level 5. HP: 36/46 MP: 4/4
  1884 | D:3      | Found a radiant altar of Vehumet.
  1903 | D:3      | Noticed Sigmund
  1910 | D:3      | Reached skill level 7 in Axes
  1917 | D:3      | Killed Sigmund
  1918 | D:3      | Reached skill level 8 in Axes
  1918 | D:3      | Reached XP level 6. HP: 36/52 MP: 5/5
  1926 | D:3      | Found an iron altar of Okawaru.
  1934 | D:3      | Became a worshipper of Warmaster Okawaru
  2641 | D:4      | Reached skill level 9 in Axes
  2641 | D:4      | Reached XP level 7. HP: 50/58 MP: 6/6
  3091 | D:4      | Reached * piety under Okawaru
  3092 | D:4      | Reached skill level 10 in Axes
  3331 | D:4      | Reached skill level 11 in Axes
  3331 | D:4      | Reached XP level 8. HP: 66/66 MP: 7/7
  3684 | D:5      | Entered Level 5 of the Dungeon
  3707 | D:5      | Found a shimmering blue altar of Sif Muna.
  3798 | D:5      | Reached skill level 12 in Axes
  3831 | D:5      | Reached ** piety under Okawaru
  4280 | D:5      | Reached skill level 13 in Axes
  4522 | D:6      | Reached XP level 9. HP: 67/71 MP: 8/8
  4554 | D:6      | Found a staircase to the Ecumenical Temple.
  4798 | D:6      | Found a burning altar of Makhleb.
  4927 | D:7      | Noticed Duvessa
  4929 | D:7      | Noticed Dowan
  4936 | D:7      | Killed Duvessa
  4937 | D:7      | Reached skill level 14 in Axes
  4939 | D:7      | Killed Dowan
  5027 | D:7      | Found a white marble altar of Elyvilon.
  5040 | D:7      | Reached *** piety under Okawaru
  5229 | D:7      | Reached skill level 15 in Axes
  5532 | D:7      | You fall into a shaft and drop 3 floors!
  5532 | D:10     | Entered Level 10 of the Dungeon
  5600 | D:8      | Reached skill level 16 in Axes
  5629 | D:8      | Reached **** piety under Okawaru
  5681 | D:8      | Reached XP level 10. HP: 42/80 MP: 9/9
  5824 | D:8      | Reached skill level 5 in Fighting
  5824 | D:8      | Reached skill level 5 in Armour
  5824 | D:8      | Reached skill level 5 in Shields
  5829 | D:8      | Reached ***** piety under Okawaru
  5849 | D:8      | Noticed a two-headed ogre
  5858 | D:8      | Killed a two-headed ogre
  5858 | D:8      | Received a gift from Okawaru
  6389 | D:8      | Found a staircase to the Lair.
  6618 | D:8      | Found a shadowy altar of Dithmenos.
  6949 | D:8      | Found a snail-covered altar of Cheibriados.
  7268 | D:9      | Identified the +0 leather armour "Amasmass" {Str+3 Int+5}
  7293 | D:9      | Noticed Psyche
  7310 | D:9      | Killed Psyche
  7484 | D:9      | Identified the +0 leather armour of Fanaticism {rF+ Regen+}
  7558 | D:9      | Found a hide-covered altar of Uskayaw.
  7565 | D:9      | Found a staircase to the Orcish Mines.
  7615 | D:9      | Noticed Maggie
  7626 | D:9      | Killed Maggie
  7849 | D:9      | Found a bloodstained altar of Trog.
  7951 | D:9      | Found a broken altar of Ashenzari.
  7961 | D:9      | Found an ancient bone altar of Kikubaaqudgha.
  8155 | D:10     | Noticed Nergalle
  8195 | Lair:1   | Entered Level 1 of the Lair of Beasts
  8198 | Lair:1   | Reached XP level 11. HP: 92/92 MP: 10/10
  8224 | Lair:1   | Reached skill level 17 in Axes
  8246 | Lair:1   | Reached skill level 1 in Invocations
  8360 | Lair:1   | Reached ****** piety under Okawaru
  8877 | Lair:1   | Identified the +1 hat of Weirdness {Rampage rF+++ Str-3}
                  | (Okawaru gifted it to you on level 1 of the Lair of Beasts)
  8877 | Lair:1   | Received a gift from Okawaru
  9043 | Lair:1   | Noticed Erica
  9113 | Lair:1   | Killed Erica
  9602 | Lair:2   | Found a dark tunnel.
  9612 | Volcano  | Entered a volcano
  9628 | Volcano  | Noticed an ogre mage
  9632 | Volcano  | Found a bloodstained altar of Trog.
  9633 | Volcano  | Noticed a red draconian
  9635 | Volcano  | Noticed a two-headed ogre
  9642 | Volcano  | Killed a two-headed ogre
  9644 | Volcano  | Noticed a two-headed ogre
  9644 | Volcano  | Noticed a two-headed ogre
  9656 | Volcano  | Killed a two-headed ogre
  9657 | Volcano  | Reached skill level 18 in Axes
  9659 | Volcano  | Killed a two-headed ogre
  9666 | Volcano  | Killed an ogre mage
  9667 | Volcano  | Reached skill level 10 in Fighting
  9810 | Volcano  | Killed a red draconian
  9847 | Volcano  | Noticed a two-headed ogre
  9847 | Volcano  | Noticed a two-headed ogre
  9849 | Volcano  | Killed a two-headed ogre
  9849 | Volcano  | Identified the +3 executioner's axe of Okawaru, Sharing
                  | {heavy, Str+4} (Okawaru gifted it to you in a volcano)
  9849 | Volcano  | Received a gift from Okawaru
  9864 | Volcano  | Killed a two-headed ogre
  9865 | Volcano  | Reached XP level 12. HP: 26/110 MP: 6/14
 10086 | Volcano  | Noticed a two-headed ogre
 10092 | Volcano  | Killed a two-headed ogre
 10199 | Lair:2   | Found a staircase to the Snake Pit.
 10838 | Lair:2   | Received a gift from Okawaru
 10838 | Lair:2   | Noticed a five-headed hydra
 10847 | Lair:2   | Killed a three-headed hydra
 10882 | Lair:2   | Noticed a seven-headed hydra
 10888 | Lair:2   | Killed a four-headed hydra
 10888 | Lair:2   | Identified the +8 plate armour of the Blushing Gods {rElec
                  | Will+ Int+2} (Okawaru gifted it to you on level 2 of the
                  | Lair of Beasts)
 10888 | Lair:2   | Received a gift from Okawaru
 11126 | Lair:2   | Found a staircase to the Swamp.
 11478 | Swamp:1  | Entered Level 1 of the Swamp
 11479 | Swamp:1  | Noticed a four-headed hydra
 11479 | Swamp:1  | Noticed an alligator
 11481 | Swamp:1  | Noticed an alligator
 11491 | Lair:2   | Killed an alligator
 11493 | Swamp:1  | Noticed a seven-headed hydra
 11500 | Lair:2   | Killed a one-headed hydra
 11505 | Swamp:1  | Killed a four-headed hydra
 11508 | Swamp:1  | Noticed a five-headed hydra
 11516 | Swamp:1  | Killed an alligator
 11517 | Swamp:1  | Killed a one-headed hydra
 11519 | Swamp:1  | Noticed a seven-headed hydra
 11524 | Swamp:1  | HP: 5/118 [seven-headed hydra (6)]
 11525 | Lair:2   | Succumbed to a swamp drake's noxious blast

Illustrated notes

Levels and vault maps discovered:
D:1:      onia_arrival_zoo_common, layout_rooms, hangedman_decor_peaks_small
D:2:      layout_basic, nicolae_underground_beach
D:3:      layout_basic, mainiacjoe_overflow_two_lobes,
          lightli_sewer_entry_pipes, hangedman_glass_teeth,
          minmay_snake_closets, uniq_sigmund
D:4:      minmay_chambers_of_threes, layout_basic, chequers_avenue,
          minmay_ruptured
D:5:      layout_basic, mainiacjoe_overflow_six_doors_small
D:6:      layout_rooms, mainiacjoe_overflow_surrounded_room,
          minmay_temple_entry_statues_pillars
D:7:      layout_loops_ring, old_standard_altar, dreamdust_mushroom_princess,
          nicolae_lava_and_water, uniq_duvessa
D:8:      layout_loops_cross, mainiacjoe_overflow_brackets,
          mainiacjoe_overflow_concentric_impassable, minmay_lair_entry_grove,
          blue_anna_alchemist
D:9:      layout_irregular_city, mainiacjoe_overflow_swirl,
          kennysheep_mini_moat, lemuel_tele_altar, orc_0_dummy, uniq_psyche,
          uniq_maggie
D:10:     layout_stronghold, serial_column_ruins, column_ruins_hut,
          column_ruins_hut_water, column_ruins_corridor_water,
          column_ruins_columns_water, column_ruins_open_small_water,
          column_ruins_open_small, uniq_nergalle
Lair:1:   layout_regular_city, nicolae_lair_grove_arrangements, worms_lemuel,
          uniq_erica
Lair:2:   layout_roguey, palyth_hydra_swamp_entry, guppyfry_snake_entry_garden,
          enter_volcano_2
Swamp:1:  layout_basic_swamp, serial_swamp_ruin, evilmike_swamp_ruin_house_6,
          evilmike_swamp_ruin_house_4, uniq_jorgrun, uniq_kirke

Skill      XL: |  1  2  3  4  5  6  7  8  9 10 11 12 |
---------------+-------------------------------------+-----
Axes           | 3 4 5 6 8 9 11 13 16 18 | 18.0
Fighting       | 4 7 11 14 | 14.9
Armour         | 4 7 |  7.1
Shields        | 4 7 |  7.6
Invocations    | 4 |  4.0

Action                     |  1- 3 |  4- 6 |  7- 9 | 10-12 || total
---------------------------+-------+-------+-------+-------++-------
  Melee: War axe           |    93 |   100 |   219 |   125 ||   537
         Headbutt          |     9 |    14 |    35 |    43 ||   101
         Broad axe         |       |       |       |   162 ||   162
  Throw: Boomerang         |       |       |       |     4 ||     4
 Invoke: Heroism           |       |       |     1 |     6 ||     7
         Finesse           |       |       |       |     4 ||     4
  Evoke: Wand              |       |       |       |     3 ||     3
    Use: Scroll            |       |     8 |     6 |    13 ||    27
         Potion            |       |     1 |       |     4 ||     5
 Armour: Scale mail        |    48 |    42 |    50 |       ||   140
         Plate armour      |       |       |    53 |   143 ||   196
  Dodge: Dodged            |    49 |    47 |    69 |    73 ||   238
  Block: Buckler           |    11 |    17 |    37 |     8 ||    73
         Kite shield       |       |       |       |    83 ||    83
